 Dungeon Crawl Stone Soup version 0.22-a0-422-g9628fc8 (webtiles) character file.

938 Falco the Magician (level 7, 0/76 HPs)
             Began as a Grey Draconian Transmuter on May 21, 2018.
             Was an Elder of Ru.
             Succumbed to a scorpion's poison
             ... on level 5 of the Dungeon.
             The game lasted 00:59:02 (6838 turns).

Falco the Magician (Grey Draconian Transmuter)      Turns: 6838, Time: 00:59:02

Health: 0/76       AC: 13    Str: 18    XL:     7   Next: 87%
Magic:  14/14      EV: 13    Int: 17    God:    Ru [****..]
Gold:   159        SH:  0    Dex: 13    Spells: 5/14 levels left

rFire    . . .     SeeInvis .   h - +2 dagger (elec)
rCold    . . .     Gourm    .   (no shield)
rNeg     + . .     Faith    .   (armour unavailable)
rPois    .         Spirit   .   b - +0 hat
rElec    .         Reflect  .   q - +1 cloak
rCorr    .         Harm     .   (no gloves)
MR       .....                  (no boots)
Stlth    ..........             (no amulet)
HPRegen  0.22/turn              i - ring of positive energy
MPRegen  0.14/turn              (no ring)

@: berserking, lethally poisoned (0 -> -4), hasted, very quick
A: walk through water, unfitting armour, antennae 1, clever 2, frail 1, high mp
1, unbreathing, cold-blooded, no air magic, no translocations magic, no
transmutations magic, AC +11
a: Draw Out Power, Power Leap, Renounce Religion


You were on level 5 of the Dungeon.
You worshipped Ru.
Ru was greatly pleased with you.
You were not hungry.

You visited 1 branch of the dungeon, and saw 5 of its levels.

You collected 159 gold pieces.

Inventory:

Hand Weapons
 d - a +1 vampiric dagger
 e - a +0 dagger of draining
 h - a +2 dagger of electrocution (weapon)
 k - a +0 blowgun
 s - a +1 short sword of speed
Missiles
 a - 88 arrows
 p - 24 poisoned needles
Armour
 b - a +0 hat (worn)
 q - a +1 cloak (worn)
 u - a +0 buckler
Jewellery
 i - a ring of positive energy (left hand)
Wands
 g - a wand of random effects (26)
 l - a wand of polymorph (19)
Scrolls
 j - 2 scrolls of identify
 t - a scroll of magic mapping {unknown}
 x - a scroll of amnesia {unknown}
Potions
 r - a potion of invisibility
 v - a potion of lignification {unknown}
Comestibles
 f - 2 rations


   Skills:
 + Level 3.1 Fighting
 + Level 4.1 Short Blades
 + Level 3.7 Dodging
 + Level 2.4 Stealth
 + Level 3.9 Unarmed Combat
 + Level 4.1 Spellcasting
 + Level 2.0 Summonings
 + Level 0.6 Poison Magic


You had 5 spell levels left.
You knew the following spells:

 Your Spells              Type           Power        Failure   Level  Hunger
a - Beastly Appendage     Tmut           #.....       16%         1    None
b - Sticks to Snakes      Tmut           #.......     24%         2    ##.....
c - Spider Form           Tmut/Pois      #.........   38%         3    ###....
d - Animate Skeleton      Necr           N/A          16%         1    None
e - Confusing Touch       Hex            #.....       16%         1    None
f - Summon Small Mammal   Summ           ##..         7%          1    None

Your spell library contained the following spells:

 Spells                   Type           Power        Failure   Level  Hunger
 Apportation              Tloc           #.....       16%         1    None
 Blade Hands              Tmut           #.........   99%         5    ######.
 Ice Form                 Ice/Tmut       #.......     83%         4    ####...


Dungeon Overview and Level Annotations

Branches:
Dungeon (5/15)
 Temple: D:4-7

Altars:
Ru
Uskayaw
Yredelemnul
The Shining One

Annotations:
D:4 Axe's ghost, amateur OgGl


Innate Abilities, Weirdness & Mutations

You can walk through water.
Your dull iron-grey scales are very hard. (AC +11)
You cannot fit into any form of body armour.
You are frail. (-10% HP)
You can survive without breathing.
You are cold-blooded and may be slowed by cold attacks.
You cannot study or cast Air magic.
You cannot study or cast Translocations magic.
You cannot study or cast Transmutations magic.
You have a pair of small antennae on your head.
Your mind is very acute. (Int +4)
You have an increased reservoir of magic. (+10% MP)


Message History

The scorpion closely misses you.
You hit the scorpion.
You kill the scorpion!
Your Short Blades skill increases to level 4!
Your Summonings skill increases to level 2!
You hit the ogre.
The ogre is lightly wounded.
You feel sick.
You hit the ogre.
The ogre is moderately wounded.
You feel sick. The ogre hits you with a giant club!
* * * LOW HITPOINT WARNING * * *
Okay, then.
Unknown command.
It was a potion of haste.
You feel yourself speed up. The ogre barely misses you.
It was a potion of berserk rage.
A red film seems to cover your vision as you go berserk!
You feel yourself moving faster!
You feel mighty!
You die...

.........###########.# ###.....#
#######.### ###### ##..###
#.........# #....# #..#
#.........# #....# #..#
#.........# #....# ##.##
#.........## #....#####..#
#....[.....#
#....#.(.#..######.......[..####
.............lOO@.....>........#
#.†.O#...##.#l####..........##.##
######...##...#######.#####.#....
#..................(.#.####.
###.......######.###.#....#.
#.......# #.# #.####.#. #..[....#
####.###.# #.#. #.......#
#........# #.##
#.......###........# #...


You could see 2 ogres and 2 frilled lizards.

Vanquished Creatures
  The ghost of MagicManICT the Bolt Thrower, an amateur MiHu of Okawaru (D:3)
  A centaur (D:5)
  2 scorpions
  A howler monkey (D:4)
  2 crimson imps
  A bullfrog zombie (D:5)
  Crazy Yiuf (D:2)
  A centaur skeleton (D:5)
  A jelly (D:5)
  A hound (D:5)
  An iguana (D:5)
  Natasha (D:3)
  Terence (D:3)
  2 worker ants (D:5)
  An orc wizard (D:3)
  4 gnolls (D:5)
  7 adders
  6 river rats
  2 shadow imps (D:5)
  3 worms
  4 dart slugs
  3 leopard geckos
  12 orcs
  A ball python (D:5)
  2 giant cockroaches
  7 goblins
  6 hobgoblins
  16 jackals
  16 kobolds
  3 quokkas
  6 bats
  4 frilled lizards
  17 rats
137 creatures vanquished.

Vanquished Creatures (collateral kills)
  Natasha (D:3)
  An adder (D:3)
  A leopard gecko (D:3)
  An orc (D:3)
  A goblin (D:3)
  A kobold (D:3)
  A rat (D:3)
7 creatures vanquished.

Vanquished Creatures (others)
  An orc priest (D:3)
  An orc (D:3)
  A bat (D:3)
3 creatures vanquished.

Grand Total: 147 creatures vanquished

Notes
Turn   | Place    | Note
-------+----------+-------------------------------------------
     0 | D:1      | Falco the Draconian Transmuter began the quest for the Orb.
     0 | D:1      | Reached XP level 1. HP: 16/16 MP: 3/3
   188 | D:1      | Reached XP level 2. HP: 23/23 MP: 3/5
   614 | D:1      | Reached XP level 3. HP: 28/28 MP: 6/6
   622 | D:1      | Learned a level 2 spell: Sticks to Snakes
   626 | D:1      | Learned a level 3 spell: Spider Form
  1307 | D:2      | Reached skill level 1 in Short Blades
  1732 | D:2      | Reached XP level 4. HP: 35/35 MP: 0/7
  1925 | D:2      | Found a runed door.
  2259 | D:2      | Noticed Crazy Yiuf
  2267 | D:2      | Killed Crazy Yiuf
  2599 | D:3      | Noticed MagicManICT's ghost (amateur MiHu)
  2616 | D:3      | Killed MagicManICT's ghost
  2616 | D:3      | Reached XP level 5. HP: 17/40 MP: 0/8
  2886 | D:3      | Noticed Natasha
  2902 | D:3      | Killed Natasha
  2902 | D:3      | Reached skill level 1 in Stealth
  2914 | D:3      | Found a faded altar of an unknown god.
  3001 | D:3      | Became a worshipper of Ru the Awakened
  3007 | D:3      | Gained mutation: You cannot study or cast Air magic. [Ru sacrifice]
  3007 | D:3      | Gained mutation: You cannot study or cast Transmutations magic. [Ru sacrifice]
  3007 | D:3      | Gained mutation: You cannot study or cast Translocations magic. [Ru sacrifice]
  3007 | D:3      | Reached * piety under Ru
  3010 | D:3      | Learned a level 1 spell: Animate Skeleton
  3012 | D:3      | Learned a level 1 spell: Confusing Touch
  3014 | D:3      | Learned a level 1 spell: Summon Small Mammal
  3259 | D:3      | Found a sacrificial altar of Ru.
  3350 | D:3      | Found a hide-covered altar of Uskayaw.
  3366 | D:3      | Noticed Terence
  3393 | D:3      | Killed Terence
  3615 | D:3      | Found a glowing golden altar of the Shining One.
  3621 | D:3      | Found a basalt altar of Yredelemnul.
  3623 | D:3      | Noticed a profane servitor
  3691 | D:3      | Noticed Natasha
  3727 | D:3      | HP: 1/41 [Natasha (6)]
  3729 | D:3      | Gained mutation: Your mind is acute. (Int +2) [potion of mutation]
  3729 | D:3      | Gained mutation: You have an increased reservoir of magic. (+10% MP) [potion of mutation]
  3729 | D:3      | Gained mutation: Your mind is very acute. (Int +4) [potion of mutation]
  3729 | D:3      | Gained mutation: You have a pair of small antennae on your head. [potion of mutation]
  3949 | D:3      | Reached XP level 6. HP: 46/48 MP: 12/12
  4428 | D:3      | Noticed an angel
  4446 | D:3      | Killed Natasha
  4751 | D:4      | Noticed Axe's ghost (amateur OgGl)
  4766 | D:5      | Entered Level 5 of the Dungeon
  5761 | D:4      | Reached skill level 1 in Summonings
  6350 | D:4      | Gained mutation: You are frail. (-10% HP) [Ru sacrifice]
  6350 | D:4      | Reached ** piety under Ru
  6350 | D:4      | Reached *** piety under Ru
  6350 | D:4      | Reached **** piety under Ru
  6366 | D:4      | Your scales start taking on a dull iron-grey colour.
  6366 | D:4      | Reached XP level 7. HP: 49/49 MP: 14/14
  6366 | D:4      | Gained mutation: You can survive without breathing. [Grey Draconian growth]
  6836 | D:5      | HP: 1/51 [ogre/giant club (16)]
  6838 | D:5      | Succumbed to a scorpion's poison

Vault maps used:
D:1:      dpeg_arrival_rhombi
D:2:      uniq_crazy_yiuf_cottage
D:3:      grunt_temple_overflow_holy_war, nicolae_ru_path_of_blood,
          lemuel_crystal_altar, first_ration, chequers_ecumenical_altar_simple,
          uniq_natasha, uniq_terence
D:4:      dk_rats_in_the_wall

Skill      XL: |  1  2  3  4  5  6  7 |
---------------+----------------------+-----
Dodging        | 2 3 |  3.7
Short Blades   | 1 2 4 |  4.1
Stealth        | 1 2 |  2.4
Transmutations | 0 |  0.0
Spellcasting   | 3 4 |  4.1
Fighting       | 2 3 |  3.1
Summonings     | 1 2 |  2.0
Unarmed Combat | |  3.9
Poison Magic   | |  0.6

Action                   |  1- 3 |  4- 6 |  7- 9 || total
-------------------------+-------+-------+-------++-------
Melee: Unarmed           |    40 |    11 |       ||    51
       Tailslap          |    16 |    45 |    10 ||    71
       Dagger            |   127 |   393 |    91 ||   611
       Kick              |     2 |     2 |       ||     4
       Headbutt          |     2 |       |       ||     2
       Punch             |     2 |     3 |     2 ||     7
 Cast: Beastly Appendage |     9 |     3 |       ||    12
       Spider Form       |     4 |     2 |       ||     6
       Sticks to Snakes  |       |    10 |       ||    10
       Summon Small Mamm |       |    39 |       ||    39
       Animate Skeleton  |       |     1 |       ||     1
       Confusing Touch   |       |     1 |       ||     1
Invok: Sacrifice Arcana  |       |     1 |       ||     1
       Sacrifice Health  |       |     1 |       ||     1
  Use: Scroll            |       |     5 |       ||     5
       Potion            |       |    10 |     2 ||    12
 Stab: Sleeping          |     2 |     2 |     2 ||     6
       Distracted        |       |     1 |     1 ||     2
  Eat: Ration            |     3 |     4 |       ||     7
       Chunk             |       |     3 |       ||     3
Armor: Skin              |    40 |    96 |    21 ||   157
Dodge: Dodged            |   114 |   196 |    39 ||   349

Table legend:
 A = Spawn XP
 B = Non-spawn XP
 C = Spawn XP percentage of total XP
 D = Spawn monster count
 E = Non-spawn monster count
 F = Spawn count percentage of total count
 G = Total turns spent on level
                    A         B        C        D         E        F      G
               +---------+---------+-------+---------+---------+-------+---------
         Total |       0 |    1341 |   0.0 |       0 |     144 |   0.0 |  6838
               +---------+---------+-------+---------+---------+-------+---------
           D:1 |       0 |      68 |   0.0 |       0 |      37 |   0.0 |  1265
           D:2 |       0 |      85 |   0.0 |       0 |      18 |   0.0 |  1334
           D:3 |       0 |     313 |   0.0 |       0 |      40 |   0.0 |  2281
           D:4 |       0 |     279 |   0.0 |       0 |      30 |   0.0 |  1592
           D:5 |       0 |     596 |   0.0 |       0 |      19 |   0.0 |   366
               +---------+---------+-------+---------+---------+-------+---------
